 Dungeon Crawl Stone Soup version 0.26-a0-1205-g4083c211ab (webtiles) character file.

Game seed: 140861795722730592

2478 jestyr24 the Spear-Bearer (level 9, 0/69 HPs)
             Began as a Merfolk Ice Elementalist on Dec 29, 2020.
             Was an Initiate of Vehumet.
             Slain by an orc
             ... wielding a +0 trident
              (4 damage)
             ... in a bailey.
             The game lasted 00:55:08 (7107 turns).

jestyr24 the Spear-Bearer (MfIE)                    Turns: 7107, Time: 00:55:09

Health: 0/69       AC: 11    Str:  9    XL:     9   Next: 51%
Magic:  21/25      EV: 14    Int: 17    God:    Vehumet [......]
Gold:   436        SH:  0    Dex: 14    Spells: 10/17 levels left

rFire    . . .     SeeInvis +   k - +1 scythe
rCold    . . .     Faith    .   (shield currently unavailable)
rNeg     . . .     Spirit   .   a - +0 robe
rPois    .         Reflect  .   (no helmet)
rElec    .         Harm     .   (no cloak)
rCorr    .         Rampage  .   w - +1 pair of gloves
Will     .....                  (no boots)
Stlth    ++........             (no amulet)
HPRegen  0.21/turn              c - ring of magical power
MPRegen  0.19/turn              l - ring of see invisible

@: icy armour, frozen ramparts
A: change form in water, swift swim, stealthy swim
a: Renounce Religion


You were in a bailey.
You worshipped Vehumet.
Vehumet was noncommittal.
You visited 2 branches of the dungeon, and saw 10 of its levels.
You also visited: Bailey.

You collected 436 gold pieces.

Inventory:

Hand Weapons
 b - a +1 mace of protection
 k - a +1 scythe (weapon)
 n - a +0 hunting sling
 s - a +0 spear
 z - a +0 spear
Missiles
 h - 29 sling bullets
 j - 2 curare-tipped darts
 m - 206 stones
 u - 42 poisoned darts
 x - 7 boomerangs (quivered)
Armour
 a - a +0 robe (worn)
 i - a +0 tower shield
 w - a +1 pair of gloves (worn)
 A - a +0 leather armour
Jewellery
 c - a ring of magical power (left hand)
 l - a ring of see invisible (right hand)
 F - an uncursed ring of resist corrosion
Wands
 v - a wand of disintegration (10)
 y - a wand of digging (6)
Scrolls
 d - 2 scrolls of blinking
 e - a scroll of fog
 f - 4 scrolls of remove curse
 g - 9 scrolls of identify
 r - a scroll of enchant armour
 B - 2 scrolls of amnesia
 D - a scroll of teleportation
Potions
 o - 2 potions of haste
 p - a potion of ambrosia
 q - a potion of curing
 t - a potion of resistance {unknown}


   Skills:
 * Level 5.8 Fighting
 + Level 11.6 Polearms
 - Level 0.2 Throwing
 - Level 4.7 Dodging
 - Level 2.8 Stealth
 * Level 4.9 Spellcasting
 * Level 6.4 Ice Magic


You had 10 spell levels left.
You knew the following spells:

 Your Spells              Type           Power        Failure   Level
a - Freeze                Ice            100%         1%          1
b - Frozen Ramparts       Ice            52%          3%          3
c - Ozocubu's Armour      Ice            26%          3%          3

Your spell library contained the following spells:

 Spells                   Type           Power        Failure   Level
 Animate Skeleton         Necr           8%           14%         1
 Pain                     Necr           16%          14%         1
 Hailstorm                Conj/Ice       15%          36%         4
 Summon Ice Beast         Ice/Summ       15%          36%         4
 Vampiric Draining        Necr           2%           41%         3
 Animate Dead             Necr           2%           82%         4
 Agony                    Necr           4%           99%         5


Dungeon Overview and Level Annotations

Branches:
Dungeon (9/15)             Temple (1/1) D:6            Lair (0/6) D:9
 Bailey (1/1)
    Orc: D:9-12

Altars:
Cheibriados
Dithmenos
Fedhas
Gozag
Hepliaklqana
Kikubaaqudgha
Nemelex Xobeh
Qazlal
Ru
Sif Muna
Vehumet
Yredelemnul

Shops:
D:4 }


Message History

Press: ? - help, Dir - move target, f - orc
Aim: an orc, wielding a +0 trident and wearing a +0 ring mail You reach to attack!
You hit the orc.
The orc is severely wounded.
The orc misses you.
The wall freezes the orc warrior.
The orc misses you.
The wall freezes the orc warrior.
The orc warrior hits you from afar with a +0 bardiche!!
Reach: k) +1 scythe
Press: ? - help, Dir - move target, f - orc warrior, p - orc
Aim: an orc warrior, wielding a +0 hand axe (heavily wounded)
You reach to attack!
You barely miss the orc warrior.
The orc warrior is heavily wounded.
The orc closely misses you.
The wall freezes the orc.
You kill the orc!
Vehumet accepts your kill.
The wall freezes the orc warrior.
The orc warrior hits you from afar with a +0 bardiche!!
* * * LOW HITPOINT WARNING * * *
The orc hits you from afar with a +0 trident.
You die...

############
##@oo)......#
#.).)o.......
#...o......o.
#∩...........
#...........o
#..........o.
##.∩........#
############


You could see 2 orc warriors and 2 orcs.

Vanquished Creatures
  A kobold demonologist (D:9)
  Eustachio (D:4)
  2 orc warriors (D:6)
  2 ice beasts
  2 black bears
  3 ogres
  A big kobold (D:7)
  A scorpion (D:5)
  3 killer bees (D:7)
  A wight (D:6)
  A howler monkey (D:5)
  2 centaur zombies
  2 bullfrog skeletons
  2 hounds (D:6)
  7 orc priests
  5 orc wizards
  Ijyb (D:4)
  An iguana (D:4)
  4 worker ants
  2 worker ant zombies (D:5)
  6 adders
  4 gnolls (D:4)
  A white imp (D:6)
  2 ufetubi
  An adder zombie (D:7)
  A worm (D:3)
  2 dart slugs
  4 leopard geckos
  32 orcs
  10 bats
  A giant cockroach (D:6)
  6 hobgoblins
  10 jackals
  13 kobolds
  A quokka (D:4)
  3 ball pythons
  4 frilled lizards
  12 goblins
  7 rats
164 creatures vanquished.

Notes
Turn   | Place    | Note
-------+----------+-------------------------------------------
     0 | D:1      | jestyr24 the Merfolk Ice Elementalist began the quest for
                  | the Orb.
     0 | D:1      | Reached XP level 1. HP: 13/13 MP: 3/3
   221 | D:1      | Reached XP level 2. HP: 19/19 MP: 5/5
  1128 | D:1      | Reached XP level 3. HP: 24/24 MP: 6/6
  1132 | D:1      | Learned a level 3 spell: Frozen Ramparts
  1779 | D:2      | Found a sparkling altar of Nemelex Xobeh.
  1818 | D:2      | Reached skill level 1 in Polearms
  2119 | D:3      | Reached skill level 5 in Ice Magic
  2120 | D:3      | Reached XP level 4. HP: 28/31 MP: 7/7
  2127 | D:3      | Reached skill level 1 in Fighting
  2291 | D:3      | Reached skill level 2 in Polearms
  3035 | D:4      | Reached XP level 5. HP: 25/38 MP: 9/9
  3201 | D:4      | Reached skill level 3 in Polearms
  3233 | D:4      | Reached XP level 6. HP: 34/44 MP: 11/11
  3524 | D:4      | Noticed Ijyb
  3539 | D:4      | Killed Ijyb
  3540 | D:4      | Reached skill level 4 in Polearms
  3587 | D:4      | Found Ivibecw's Gadget Emporium.
  3746 | D:4      | Noticed Eustachio
  3756 | D:4      | Killed Eustachio
  3757 | D:4      | Reached XP level 7. HP: 32/51 MP: 12/12
  3874 | D:4      | Found a stormy altar of Qazlal.
  3883 | D:4      | Noticed a fire elemental
  3883 | D:4      | Noticed a water elemental
  3883 | D:4      | Noticed an air elemental
  4117 | D:5      | Entered Level 5 of the Dungeon
  4323 | D:5      | Reached skill level 5 in Polearms
  4576 | D:5      | Learned a level 3 spell: Ozocubu's Armour
  4648 | D:5      | Reached XP level 8. HP: 52/58 MP: 14/14
  4735 | D:5      | Reached skill level 6 in Polearms
  4800 | D:5      | Found a shadowy altar of Dithmenos.
  4999 | D:5      | Reached skill level 7 in Polearms
  5528 | D:6      | Reached skill level 8 in Polearms
  5559 | D:6      | Reached skill level 9 in Polearms
  5908 | D:6      | Reached skill level 10 in Polearms
  5916 | D:6      | Reached XP level 9. HP: 67/67 MP: 15/15
  5924 | D:6      | Found a staircase to the Ecumenical Temple.
  5939 | Temple   | Entered the Ecumenical Temple
  6098 | Temple   | Became a worshipper of Vehumet
  6184 | D:6      | Reached skill level 5 in Fighting
  6213 | D:6      | You fall into a shaft and drop 3 floors!
  6214 | D:9      | Noticed a kobold demonologist
  6219 | D:9      | Noticed a sun demon
  6226 | D:9      | Noticed a soul eater
  6226 | D:9      | Found a staircase to the Lair.
  6368 | D:9      | Killed a kobold demonologist
  6369 | D:9      | Reached skill level 11 in Polearms
  7068 | D:7      | Found a flagged portal.
  7092 | Bailey   | Entered a bailey
  7107 | Bailey   | Slain by an orc

Illustrated notes

Levels and vault maps discovered:
D:1:      tarquinn_simple_flora_water_a, layout_basic, minmay_liquid_box,
          minmay_tall_x
D:2:      layout_rooms, nemelex_lonely_heart_becter
D:3:      layout_rooms
D:4:      layout_basic, nicolae_qazlal_style_of_elements, serial_shops,
          nicolae_shop_trees, uniq_eustachio, uniq_ijyb
D:5:      layout_basic, grunt_dithmenos_smoke
D:6:      layout_gridville, minitemple, minmay_temple_entry_stoned_glass,
          portal_sewer_entry_f
D:7:      layout_cave_pools, nicolae_tso_swordbearing_angel,
          nemelex_xobeh_ov_fountains_minmay, enter_bailey_3,
          minmay_misc_feat_tower
D:8:      layout_basic
D:9:      kennysheep_big_flooded_room, layout_basic,
          lemuel_coloured_pillars_altar, lair_entry_dummy, kb_rosetta,
          uniq_maggie, uniq_joseph
Temple:   minmay_temple_forest_path
Bailey:   bailey_polearm_5, bailey

Skill      XL: |  1  2  3  4  5  6  7  8  9 |
---------------+----------------------------+-----
Dodging        | 3 4 |  4.7
Polearms       | 1 2 3 4 5 10 11 | 11.6
Ice Magic      | 5 6 |  6.4
Fighting       | 1 2 3 4 5 |  5.8
Spellcasting   | 3 4 |  4.9
Throwing       | |  0.2
Stealth        | |  2.8

Action                   |  1- 3 |  4- 6 |  7- 9 || total
-------------------------+-------+-------+-------++-------
Melee: Mace              |    32 |       |       ||    32
       Scythe            |    46 |    47 |   146 ||   239
Throw: Stone             |     6 |     6 |       ||    12
       Boomerang         |       |     6 |    18 ||    24
 Cast: Freeze            |    28 |    22 |    32 ||    82
       Frozen Ramparts   |     3 |    14 |    23 ||    40
       Ozocubu's Armour  |       |       |     9 ||     9
  Use: Scroll            |       |     8 |     5 ||    13
       Potion            |       |     6 |     8 ||    14
 Stab: Sleeping          |     5 |     3 |     3 ||    11
Armor: Robe              |    50 |    14 |    60 ||   124
Dodge: Dodged            |   113 |    54 |   185 ||   352

Table legend: (Time is in decaauts)
 A = Elapsed time spent in this place.
 B = Non-inter-level travel time spent in this place.
 C = Inter-level travel time spent in this place.
 D = Time resting spent in this place.
 E = Time spent auto-exploring this place.
 F = Levels seen in this place.
 G = Mean time per level.
                   A        B        C        D        E       F      G
               +--------+--------+--------+--------+--------+-----+--------+
         Total |   7299 |   7095 |    204 |   2248 |   2478 |  11 |  663.5 |
       Dungeon |   7067 |   6917 |    150 |   2248 |   2332 |   9 |  785.2 |
        Temple |    214 |    160 |     54 |      0 |    146 |   1 |  214.0 |
        Bailey |     17 |     17 |      0 |      0 |      0 |   1 |   17.0 |
               +--------+--------+--------+--------+--------+-----+--------+

Top non-repeatable levels by time:
     D:5: 1385 daAuts
     D:1: 1174 daAuts
     D:4: 1113 daAuts
     D:3: 1029 daAuts
     D:2: 897 daAuts
     D:6: 570 daAuts
     D:7: 553 daAuts
     D:9: 323 daAuts
  Temple: 214 daAuts
     D:8: 18 daAuts
  Bailey: 17 daAuts
